 Dungeon Crawl Stone Soup version 0.30-a0-862-g1aabd4f9c5 (webtiles) character file.

Game seed: 6411422976443824397

2022 jasper the Fighter (level 9, 0/85 HPs)
             Began as a Demonspawn Fighter on Mar 8, 2023.
             Was a High Priest of Ignis.
             Succumbed to a killer bee's poison
             ... on level 5 of the Dungeon.
             The game lasted 00:10:16 (6462 turns).

jasper the Fighter (Demonspawn Fighter)             Turns: 6462, Time: 00:10:16

Health: 0/85       AC: 15    Str: 20    XL:     9   Next: 3%
Magic:  9/9        EV: 10    Int: 11    God:    Ignis [*****.]
Gold:   253        SH:  4    Dex: 12    Spells: 8/8 levels left

rFire   + . .      SeeInvis .    a - +0 war axe (protect)
rCold   + . .      Faith    .    c - +0 buckler
rNeg    . . .      Spirit   .    f - +1 ring mail {rC+}
rPois   .          Reflect  .    (helmet restricted)
rElec   .          Rampage  .    (no cloak)
rCorr   .                        (no gloves)
Will    .....                    (no boots)
Stlth   +                        (no amulet)
HPRegen 0.34/turn                (no ring)
MPRegen 0.11/turn                (no ring)

@: mighty, lethally poisoned (0 -> -6), under a protective aura
A: horns 1, yellow scales 1, powered by death 1, demonic magic 1
a: Renounce Religion, Fiery Armour, Foxfire Swarm, Rising Flame


You were on level 5 of the Dungeon.
You worshipped Ignis.
Ignis was extremely pleased with you.
You visited 1 branch of the dungeon, and saw 6 of its levels.

You collected 253 gold pieces.

Inventory:

Hand Weapons
 a - a +0 war axe of protection (weapon)
 k - a +2 short sword of protection
 n - a +0 dire flail
Missiles
 o - 2 boomerangs (quivered)
 p - 34 stones
 s - 10 poisoned darts
Armour
 b - a +0 scale mail
 c - a +0 buckler (worn)
 f - a +1 ring mail of cold resistance (worn)
Jewellery
 h - an amulet of faith
 i - a ring of see invisible
 u - a ring of fire
Scrolls
 j - 2 scrolls of fog
 r - 4 scrolls of identify
 t - a scroll of teleportation
Potions
 g - 2 potions of haste
 l - a potion of brilliance
 m - a potion of mutation


   Skills:
 + Level 13.0 Fighting
 * Level 7.8 Axes
 + Level 3.8 Armour
 - Level 2.6 Shields


You had 8 spell levels left.
You didn't know any spells.
Your spell library contained the following spells:

 Spells                   Type           Power      Damage    Failure   Level
 Kiss of Death            Conj/Necr      0%         2d5       61%         1
 Lesser Beckoning         Tloc           0%         N/A       75%         2
 Confusing Touch          Hex            0%         N/A       93%         3
 Gell's Gravitas          Tloc           0%         N/A       93%         3
 Teleport Other           Tloc           0%         N/A       93%         3
 Dispel Undead            Necr           0%         3d6       100%        4


Dungeon Overview and Level Annotations

Branches:
Dungeon (6/15)
 Temple: D:4-7

Altars:
Cheibriados
Dithmenos
Ignis

Shops:
D:3 (

Annotations:
D:5 exclusion: door


Innate Abilities, Weirdness & Mutations

You have a pair of small horns on your head.
You are partially covered in yellow scales. (AC +2)
You regenerate a little health from kills.
Spells you cast may paralyse adjacent enemies.


Message History

It was a potion of experience.
You feel more experienced!
Your Fighting skill gained 9 levels and is now at level 13!
You have reached level 9!
Your experience leads to an increase in your attributes!
Increase (S)trength, (I)ntelligence, or (D)exterity?
You feel stronger. x2
* * * LOW HITPOINT WARNING * * *
You feel very sick.
The killer bee stings you but does no damage.
You block the killer bee's attack. The killer bee stings you.
* * * LOW HITPOINT WARNING * * *
You block the killer bee's attack.
You take 1 damage, and have 7/85 hp.
MP restored: 9 Blink to where?
Press: ? - help, Dir - move target
As you read the scroll of blinking, it crumbles to dust.
* * * LOW HITPOINT WARNING * * *
You feel very sick.
You take 3 damage, and have 4/85 hp.
Okay, then.
Aiming: Charm
Press: ? - help, Shift-Dir - straight line, f - killer bee
Aim: a killer bee (moderately wounded, chance to affect: 57%)
The killer bee resists with significant effort.
The now-empty wand crumbles to dust.
* * * LOW HITPOINT WARNING * * *
You feel sick.
You take 1 damage, and have 3/85 hp.
You aren't carrying any items that you can evoke.
You feel very mighty all of a sudden.
* * * LOW HITPOINT WARNING * * *
You feel sick. You block the killer bee's attack.
You take 2 damage, and have 1/85 hp.
You slash the killer bee!
Your weapon exudes an aura of protection.
You kill the killer bee!
You miss the killer bee.
You die...

########.# #........# #.######.#
#.# #.#
#.######.#######################
##......#.........)..............
.#......#..######################
.#......#..#########...# #....
.#......#>..[..†@......# #.###
.#.#+##.#†.##..y####<..# ###...#
.#.#.##.#..####....#.### #......
.#.#.##.#..# ####...# #.###..
##.#.##.#..# ##..# #.#....
#.#.##.#..# #..## #.#....
##.#.##.#..# ##..#####.#....
........#..#########........#....
[....####....................)...


You could see a killer bee.

Vanquished Creatures
  A water moccasin (D:5)
  An ice beast (D:6)
  An ogre (D:5)
  A centaur (D:5)
  A kobold brigand (D:5)
  4 killer bees (D:5)
  2 hounds
  3 jellies (D:5)
  An orc priest (D:4)
  A sleepcap (D:5)
  3 orc wizards
  3 gnolls (D:4)
  7 adders
  3 dart slugs
  11 orcs
  6 endoplasms
  A giant cockroach (D:3)
  8 goblins
  10 hobgoblins
  2 jackals (D:5)
  5 quokkas
  8 ball pythons
  2 bats
  5 frilled lizards
  9 kobolds
  3 rats
102 creatures vanquished.

Vanquished Creatures (others)
  A hound (D:5)
  2 orcs (D:5)
  8 fungi (D:5)
  9 toadstools (D:5)
20 creatures vanquished.

Grand Total: 122 creatures vanquished

Notes
Turn   | Place    | Note
-------+----------+-------------------------------------------
     0 | D:1      | jasper the Demonspawn Fighter began the quest for the Orb.
     0 | D:1      | Reached XP level 1. HP: 18/18 MP: 1/1
    70 | D:1      | Found a faded altar of an unknown god.
    81 | D:1      | Prayed at the altar of an unknown god.
    81 | D:1      | Became a worshipper of Ignis, the Dying Flame
   346 | D:1      | Gained mutation: Spells you cast may paralyse adjacent
                  | enemies. [demonic ancestry]
   346 | D:1      | Reached XP level 2. HP: 23/24 MP: 2/2
  1005 | D:2      | Gained mutation: You have a pair of small horns on your
                  | head. [demonic ancestry]
  1005 | D:2      | Reached XP level 3. HP: 29/29 MP: 3/3
  2404 | D:3      | Found Fuiliv Esunk's Antique Weapon Shoppe.
  2470 | D:3      | Reached XP level 4. HP: 35/35 MP: 4/4
  3767 | D:4      | Reached skill level 5 in Axes
  3767 | D:4      | Reached XP level 5. HP: 39/41 MP: 5/5
  3947 | D:4      | Found a shadowy altar of Dithmenos.
  4303 | D:4      | Found a snail-covered altar of Cheibriados.
  4526 | D:5      | Entered Level 5 of the Dungeon
  4928 | D:5      | Noticed a water moccasin
  4940 | D:5      | Killed a water moccasin
  4941 | D:5      | Gained mutation: You regenerate a little health from kills.
                  | [demonic ancestry]
  4941 | D:5      | Reached XP level 6. HP: 47/47 MP: 6/6
  5173 | D:5      | Gained mutation: You are partially covered in yellow
                  | scales. (AC +2) [demonic ancestry]
  5173 | D:5      | Reached XP level 7. HP: 39/52 MP: 7/7
  5919 | D:5      | Noticed a slime creature
  5919 | D:5      | Noticed a slime creature
  6178 | D:6      | Reached skill level 4 in Fighting
  6364 | D:5      | Reached XP level 8. HP: 37/60 MP: 8/8
  6458 | D:5      | Reached skill level 13 in Fighting
  6458 | D:5      | Reached XP level 9. HP: 12/85 MP: 9/9
  6459 | D:5      | HP: 4/85 [poisoned by a killer bee]
  6461 | D:5      | HP: 1/85 [poisoned by a killer bee]
  6462 | D:5      | Succumbed to a killer bee's poison

Illustrated notes

Levels and vault maps discovered:
D:1:      arrival_zaba_pyramid, layout_basic,
          hellmonk_ecumenical_altar_inner_sanctum, bh_walls_and_bars
D:2:      layout_loops_ring
D:3:      layout_basic, serial_shops, nicolae_shop_stone
D:4:      layout_basic, mainiacjoe_overflow_catch_the_wave,
          serial_bayou_crossing
D:5:      cheibrodos_fertilizer, layout_basic
D:6:      layout_basic, temple_hall

Skill      XL: |  1  2  3  4  5  6  7  8 |
---------------+-------------------------+-----
Axes           | 2 3 4 5 6 7 |  7.8
Armour         | 3 |  3.8
Fighting       | 4 13 | 13.0
Shields        | |  2.6

Action                     |  1- 3 |  4- 6 |  7- 9 || total
---------------------------+-------+-------+-------++-------
  Melee: War axe           |   153 |   100 |    69 ||   322
         Headbutt          |     8 |    12 |    14 ||    34
  Throw: Stone             |     8 |     2 |       ||    10
         Throwing net      |     1 |       |     1 ||     2
         Boomerang         |       |    31 |    24 ||    55
         Dart              |       |     7 |     3 ||    10
  Evoke: Wand              |       |     6 |     1 ||     7
    Use: Scroll            |     7 |     2 |     1 ||    10
         Potion            |       |       |     2 ||     2
 Armour: Scale mail        |     8 |       |       ||     8
         Ring mail         |    54 |    57 |    53 ||   164
  Dodge: Dodged            |    73 |    57 |    70 ||   200
  Block: Buckler           |    48 |    12 |    26 ||    86

Table legend: (Time is in decaauts)
 A = Elapsed time spent in this place.
 B = Non-inter-level travel time spent in this place.
 C = Inter-level travel time spent in this place.
 D = Time resting spent in this place.
 E = Time spent auto-exploring this place.
 F = Levels seen in this place.
 G = Mean time per level.
                   A        B        C        D        E       F      G
               +--------+--------+--------+--------+--------+-----+--------+
         Total |   6603 |   6132 |    471 |   1716 |   3252 |   6 | 1100.5 |
       Dungeon |   6603 |   6132 |    471 |   1716 |   3252 |   6 | 1100.5 |
               +--------+--------+--------+--------+--------+-----+--------+

Top non-repeatable levels by time:
     D:4: 1646 daAuts
     D:5: 1631 daAuts
     D:3: 1260 daAuts
     D:2: 995 daAuts
     D:1: 850 daAuts
     D:6: 218 daAuts
